 Dungeon Crawl Stone Soup version 0.29-a0-393-g47a863cc1b (webtiles) character file.

Game seed: 9176013604647136309

100 HendSelp the Gusty (level 4, 0/26 HPs)
             Began as a Tengu Air Elementalist on May 10, 2022.
             Slain by an orc wizard
             ... wielding a +0 dagger
              (3 damage)
             ... on level 2 of the Dungeon.
             The game lasted 00:06:36 (1822 turns).

HendSelp the Gusty (Tengu Air Elementalist)         Turns: 1822, Time: 00:06:36

Health: 0/26       AC:  3    Str:  9    XL:     4   Next: 74%
Magic:  0/9        EV: 12    Int: 17    God:
Gold:   59         SH:  0    Dex: 12    Spells: 3/9 levels left

rFire   . . .      SeeInvis .   (no weapon)
rCold   . . .      Faith    .   (no shield)
rNeg    . . .      Spirit   .   a - +0 robe
rPois   .          Reflect  .   (helmet restricted)
rElec   .          Harm     .   (no cloak)
rCorr   .          Rampage  .   f - +0 pair of gloves
Will    +....                   (boots unavailable)
Stlth   ++........              (no amulet)
HPRegen 0.08/turn               h - ring of willpower
MPRegen 0.11/turn               (no ring)

@: brilliant, very slightly contaminated, hasted (expiring), very quick
A: beak, talons 3, clumsy 1, robust 1
a: no special abilities


You were on level 2 of the Dungeon.
You visited 1 branch of the dungeon, and saw 2 of its levels.

You collected 59 gold pieces.

Inventory:

Armour
 a - a +0 robe (worn)
 f - a +0 pair of gloves (worn)
Jewellery
 h - a ring of willpower (left hand)
Scrolls
 b - a scroll of acquirement {unknown}
 d - a scroll of amnesia {unknown}
 i - a scroll of fog {unknown}
Potions
 e - 2 potions of resistance


   Skills:
 - Level 2.1 Dodging
 - Level 2.0 Stealth
 + Level 3.0 Spellcasting
 + Level 2.7 Conjurations
 + Level 5.5 Air Magic


You had 3 spell levels left.
You knew the following spells:

 Your Spells              Type           Power      Damage    Failure   Level
a - Shock                 Conj/Air       100%       1d9       3%          1
b - Static Discharge      Conj/Air       25%        N/A       4%          2
c - Swiftness             Air            32%        N/A       5%          3

Your spell library contained the following spells:

 Spells                   Type           Power      Damage    Failure   Level
 Airstrike                Air            16%        N/A       17%         4


Dungeon Overview and Level Annotations

Branches:
Dungeon (2/15)

Altars:


Innate Abilities, Weirdness & Mutations

You have a beak for a mouth.
You have claws for feet.
You are clumsy. (Dex -2)
You are robust. (+10% HP)


Message History

You peck the orc wizard, but do no damage.
The orc wizard is almost dead.
The orc wizard casts a spell.
The orc wizard flickers and vanishes!
You are too injured to fight recklessly!
You hear some strange, mumbled words.
A puff of flame appears from out of thin air!
The puff of flame hits you!
* * * LOW HITPOINT WARNING * * *
You see here an adder corpse.
Casting: Shock (safe; 3% risk of failure)
Confirm with . or Enter, or press ? or * to list all spells.
You can't see any susceptible monsters within range! (Use Z to cast anyway.)
You miss something. Your peck misses something.
Something hits you but does no damage.
Unknown command.
Unknown command.
Casting: Shock (safe; 3% risk of failure)
Confirm with . or Enter, or press ? or * to list all spells.
Aiming: Shock (safe; 3% risk of failure)
Press: ? - help, Shift-Dir - straight line You feel a surge of power!
That beam is likely to hit you.
Continue anyway?
Okay, then.
Unknown command.
Unknown command.
Casting: Shock (safe; 3% risk of failure)
Confirm with . or Enter, or press ? or * to list all spells.
Aiming: Shock (safe; 3% risk of failure)
Press: ? - help, Shift-Dir - straight line You feel a surge of power!
That beam is likely to hit you.
Continue anyway?
You miscast Shock.
You are very lightly contaminated with residual magic.
Nothing appears to happen.
Unknown command.
Unknown command.
Unknown command.
You barely miss something. Something hits you.
You die...

.♣♣♣♣♣#.#.....# #.
#.#...#.#...### #
♣...♣#.##..#.#####
#.#..............#
#.♣.♣#♣#.###.....#####
.........###..>.......
#.#................##
#.#.....#######....#
#.#.{@....# #....#
♣.......#.# #....#
#.....###.# #....###
♣#♣.♣.♣.#.# #.#####.......
........#.###.............
♣#♣.♣#♣.#..†h......###....
# #.#####......# #.... ♣.♣
#.h....# #.... ♣.♣
##....## #....


There were no monsters in sight!

Vanquished Creatures
  An orc wizard (D:2)
  4 adders (D:2)
  A worm (D:2)
  A dart slug (D:1)
  An orc (D:2)
  A ball python (D:1)
  2 bats (D:2)
  An endoplasm (D:2)
  5 goblins
  2 hobgoblins
  4 jackals (D:2)
  4 kobolds
  A quokka (D:1)
  3 frilled lizards
  3 rats
34 creatures vanquished.

Vanquished Creatures (others)
  A plant (D:2)
1 creature vanquished.

Grand Total: 35 creatures vanquished

Notes
Turn   | Place    | Note
-------+----------+-------------------------------------------
     0 | D:1      | HendSelp the Tengu Air Elementalist began the quest for the
                  | Orb.
     0 | D:1      | Reached XP level 1. HP: 10/10 MP: 4/4
   150 | D:1      | Found a faded altar of an unknown god.
   207 | D:1      | Reached XP level 2. HP: 15/15 MP: 3/6
   868 | D:2      | Learned a level 2 spell: Static Discharge
   927 | D:2      | Reached XP level 3. HP: 14/19 MP: 0/7
  1091 | D:2      | Reached skill level 5 in Air Magic
  1315 | D:2      | Learned a level 3 spell: Swiftness
  1655 | D:2      | Reached XP level 4. HP: 24/24 MP: 5/9
  1764 | D:2      | Gained mutation: You are robust. (+10% HP) [potion of
                  | mutation]
  1764 | D:2      | Gained mutation: You are clumsy. (Dex -2) [potion of
                  | mutation]
  1822 | D:2      | Slain by an orc wizard

Illustrated notes

Levels and vault maps discovered:
D:1:      dpeg_arrival_castle, layout_basic, ebering_ecumenical_altar_hall
D:2:      cheibrodos_helix_gallery, layout_basic, serial_forest,
          infiniplex_forest_straight_4, infiniplex_forest_fountain,
          infiniplex_forest_lined_4_way, infiniplex_forest_lined_room_,
          infiniplex_forest_straight_2, infiniplex_forest_corner_1,
          infiniplex_forest_lined_room_2, infiniplex_forest_lined_room_2,
          infiniplex_forest_straight_2, infiniplex_forest_clump_curved

Skill      XL: |  1  2  3  4 |
---------------+-------------+-----
Air Magic      | 5 |  5.5
Conjurations   | 2 |  2.7
Spellcasting   | 3 |  3.0
Dodging        | |  2.1
Stealth        | |  2.0

Action                   |  1- 3 |  4- 6 || total
-------------------------+-------+-------++-------
Melee: Unarmed           |     2 |     6 ||     8
       Peck              |     1 |     1 ||     2
       Kick              |       |     2 ||     2
 Cast: Shock             |    69 |    15 ||    84
       Static Discharge  |     3 |       ||     3
  Use: Scroll            |     4 |       ||     4
       Potion            |     1 |     3 ||     4
Armor: Robe              |    13 |     5 ||    18
Dodge: Dodged            |    26 |     9 ||    35

Table legend: (Time is in decaauts)
 A = Elapsed time spent in this place.
 B = Non-inter-level travel time spent in this place.
 C = Inter-level travel time spent in this place.
 D = Time resting spent in this place.
 E = Time spent auto-exploring this place.
 F = Levels seen in this place.
 G = Mean time per level.
                   A        B        C        D        E       F      G
               +--------+--------+--------+--------+--------+-----+--------+
         Total |   1808 |   1781 |     27 |     85 |   1434 |   2 |  904.0 |
       Dungeon |   1808 |   1781 |     27 |     85 |   1434 |   2 |  904.0 |
               +--------+--------+--------+--------+--------+-----+--------+

Top non-repeatable levels by time:
     D:2: 982 daAuts
     D:1: 825 daAuts
